 Dungeon Crawl Stone Soup version 0.17-a0-910-ga669010 (webtiles) character file.

422 hornqvist the Shield-Bearer (level 7, -1/53 HPs)
             Began as a Formicid Fighter on May 2, 2015.
             Slain by an orc
             ... wielding a +0 trident
              (3 damage)
             ... on level 4 of the Dungeon.
             The game lasted 00:03:22 (2628 turns).

hornqvist the Shield-Bearer (Formicid Fighter)      Turns: 2628, Time: 00:03:22

Health: -1/53      AC:  9    Str: 23    XL:     7   Next: 17%
Magic:  10/10      EV:  9    Int:  7    God:
Gold:   229        SH: 10    Dex: 10    Spells: 0 memorised, 10 levels left

rFire  + . .     SeeInvis +     a - +0 war axe
rCold  + . .     Clarity  .     b - +0 scale mail
rNeg   . . .     SustAb   .     c - +0 shield
rPois  +         Gourm    .     (helmet unavailable)
rElec  +         Spirit   .     (no cloak)
rCorr  +         Warding  .     t - +1 pair of gloves
rMut   .         Stasis   +     (no boots)
MR     .....                    (no amulet)
Stlth  ..........               (no ring)
                                l - ring of loudness (curse)

@: resistant, not resistant to hostile enchantments, extremely unstealthy
A: permanent stasis, dig shafts and tunnels, four strong arms, antennae 3
a: Dig, Shaft Self


You were on level 4 of the Dungeon.
You were not hungry.

You visited 1 branch of the dungeon, and saw 4 of its levels.

You collected 229 gold pieces.

Inventory:

Hand weapons
 a - a +0 war axe (weapon)
Armour
 b - a +0 scale mail (worn)
 c - a +0 shield (worn)
 m - a +0 pair of gloves
 t - a +1 pair of gloves (worn)
Jewellery
 l - a cursed ring of loudness (left hand)
Scrolls
 g - 3 scrolls of teleportation {unknown}
 h - 8 scrolls of remove curse {unknown}
 i - 5 scrolls of identify {unknown}
 k - a scroll of blinking {unknown}
 p - 2 scrolls of recharging {unknown}
Potions
 d - a potion of might
 n - a potion of cancellation {unknown}
Books
 s - a book of Spatial Translocations

   Spells                             Type                      Level
   a - Apportation                    Translocation                1
   b - Blink                          Translocation                2
   c - Shroud of Golubria             Charms/Translocation         2
   d - Portal Projectile              Translocation                3
   e - Teleport Other                 Translocation                3
   f - Passage of Golubria            Translocation                4
Comestibles
 e - 3 bread rations
 f - a slice of pizza
 j - 4 meat rations
 r - 2 chunks of flesh


   Skills:
 - Level 3.7 Fighting
 * Level 4.8 Axes
 - Level 3.2 Armour
 + Level 2.6 Dodging
 + Level 5.1 Shields
 - Level 2.0 Spellcasting


You had 10 spell levels left.
You didn't know any spells.

Dungeon Overview and Level Annotations

Branches:
Dungeon (4/15)
 Temple: D:4-7

Altars:
The Shining One


Innate Abilities, Weirdness & Mutations

You are under a permanent stasis effect.
You can dig through walls and to a lower floor.
Your four strong arms can wield two-handed weapons with a shield.
You have a pair of large antennae on your head (SInv).


Message History

You hit the worker ant but do no damage.
You hit the orc wizard but do no damage.
You barely miss the orc.
The orc wizard points at you and mumbles some strange words.
The puff of flame hits you!
* * * LOW HITPOINT WARNING * * *
The orc wizard points at you and mumbles some strange words.
The puff of frost hits you!
* * * LOW HITPOINT WARNING * * *
The worker ant barely misses you. The orc closely misses you.
You block the orc's attack.
You take 8 damage, and have 2/53 hp.
Drink which item? (? for menu, Esc to quit)
It was a potion of resistance.
You feel protected. The orc wizard barely misses you.
The worker ant bites you but does no damage.
The orc wizard closely misses you. You block the orc's attack.
The orc hits you from afar with a trident.
You die...

. . #..##.# ...#.
#..##.# #.....
#..##.# .##.....
#..##.#
......#######..##.#
...............#!
###o#..######...#
#...oo.# ##...#
#.a@.# #...!#
#....#####....#
#...).........#
#######.##....#
...##....#
#..###....# ....
.....# .....
##.#### ..... #.#


You could see a worker ant, an orc wizard and 2 orcs.

Vanquished Creatures
  A giant frog (D:3)
  A crimson imp (D:4)
  A hound (D:4)
  An orc wizard (D:3)
  4 worker ants (D:4)
  Robin (D:3)
  7 adders
  An ooze (D:3)
  An adder skeleton (D:4)
  2 worms
  3 giant geckos
  6 orcs
  2 bats
  5 giant cockroaches
  13 hobgoblins
  2 quokkas (D:3)
  2 ball pythons
  A giant newt (D:1)
  17 goblins
  A goblin skeleton (D:4)
  2 hobgoblin zombies (D:4)
  5 kobolds
  2 kobold skeletons (D:4)
  A kobold zombie (D:4)
  2 orc skeletons (D:4)
  2 orc zombies (D:4)
  10 rats
96 creatures vanquished.

Notes
Turn   | Place    | Note
--------------------------------------------------------------
     0 | D:1      | hornqvist, the Formicid Fighter, began the quest for the Orb.
     0 | D:1      | Reached XP level 1. HP: 18/18 MP: 1/1
    78 | D:1      | Reached XP level 2. HP: 16/24 MP: 2/2
   583 | D:2      | Reached skill level 1 in Spellcasting
   642 | D:2      | Reached skill level 4 in Shields
   642 | D:2      | Reached XP level 3. HP: 19/29 MP: 4/4
  1410 | D:3      | Noticed Robin
  1412 | D:3      | Reached XP level 4. HP: 35/35 MP: 6/6
  1416 | D:3      | Reached skill level 1 in Dodging
  1417 | D:3      | Killed Robin
  1434 | D:3      | Reached XP level 5. HP: 7/41 MP: 7/7
  1717 | D:3      | Noticed a giant frog
  1723 | D:3      | Killed a giant frog
  1723 | D:3      | Reached XP level 6. HP: 37/48 MP: 9/9
  2357 | D:4      | Found a glowing golden altar of the Shining One.
  2423 | D:4      | Reached skill level 5 in Shields
  2488 | D:4      | Reached XP level 7. HP: 53/53 MP: 10/10
  2627 | D:4      | HP: 2/53 [orc wizard/puff of frost (6)]
  2628 | D:4      | Slain by an orc

Action                   |  1- 3 |  4- 6 |  7- 9 || total
-------------------------+-------+-------+-------++-------
Melee: War axe           |    99 |   136 |    39 ||   274
 Abil: Dig               |       |     1 |       ||     1
  Use: Potion            |       |     2 |     2 ||     4
  Eat: Chunk             |       |     6 |       ||     6
